 Dungeon Crawl Stone Soup version 0.17.0-28-g6e173f8 (webtiles) character file.

70 dohliylev the Sneak (level 4, -5/23 HPs)
             Began as a Vine Stalker Assassin on Dec 1, 2015.
             Killed from afar by an orc wizard (8 damage)
             ... with a magic dart
             ... on level 3 of the Dungeon.
             The game lasted 00:05:17 (1471 turns).

dohliylev the Sneak (Vine Stalker Assassin)         Turns: 1471, Time: 00:05:17

Health: -5/23      AC:  3    Str: 14    XL:     4   Next: 22%
Magic:  0/5        EV: 12    Int: 11    God:
Gold:   114        SH:  0    Dex: 16    Spells: 0 memorised, 3 levels left

rFire  . . .     SeeInvis .     a - +2 dagger
rCold  . . .     Clarity  .     c - +0 robe
rNeg   . . .     SustAt   +     (no shield)
rPois  .         Gourm    .     (no helmet)
rElec  .         Spirit   +     d - +0 cloak
rCorr  .         Warding  .     (no gloves)
rMut   .         Rnd*Tele +     (no boots)
MR     .....                    (no amulet)
Stlth  +++.......               n - ring of teleportation (curse)
                                j - ring of sustain attributes

@: not resistant to hostile enchantments, fairly stealthy
A: fangs 2, regeneration 1, magic shield, antimagic bite, no device heal 3, rot
immunity
a: Evoke Teleportation


You were on level 3 of the Dungeon.
You were not hungry.

You visited 1 branch of the dungeon, and saw 3 of its levels.

You collected 114 gold pieces.

Inventory:

Hand Weapons
 a - a +2 dagger (weapon)
 b - a +0 blowgun
Missiles
 e - 6 poisoned needles
 f - 2 curare-tipped needles
 u - 4 needles of slowing
Armour
 c - a +0 robe (worn)
 d - a +0 cloak (worn)
Jewellery
 j - a ring of sustain attributes (left hand)
 n - a cursed ring of teleportation (right hand)
 v - an uncursed amulet of resist mutation {unknown}
 x - an uncursed ring of see invisible {unknown}
Scrolls
 i - 3 scrolls of teleportation {unknown}
 k - a scroll of noise {unknown}
 m - 3 scrolls of fog {unknown}
 o - a scroll of enchant weapon {unknown}
 r - a scroll of immolation {unknown}
 t - a scroll of identify {unknown}
Potions
 h - a potion of heal wounds {unknown}
 p - a potion of degeneration {unknown}
 s - a potion of curing {unknown}
 w - a potion of brilliance {unknown}
 z - a potion of lignification {unknown}
Comestibles
 g - a bread ration
 l - a slice of pizza
 q - a meat ration


   Skills:
 + Level 2.3 Fighting
 + Level 1.9 Short Blades
 + Level 1.8 Throwing
 + Level 1.3 Dodging
 * Level 6.2 Stealth


You had 3 spell levels left.
You didn't know any spells.

Dungeon Overview and Level Annotations

Branches:
Dungeon (3/15)

Altars:


Innate Abilities, Weirdness & Mutations

You have extremely sharp teeth.
Your natural rate of healing is unusually fast.
When hurt, damage is shared between your health and your magic reserves.
Your bite disrupts and absorbs the magic of your enemies.
Potions and wands cannot restore your health.
You are immune to rotting.


Message History

Wield which item (- for none, * to show all)? (? for menu, Esc to quit)
a - a +2 dagger (weapon)
Something hits you. Something hits you.
* * * LOW HITPOINT WARNING * * *
The jackal stops to sniff the ground.
The jackal barely misses you.
You kill the jackal!
Something hits you but does no damage.
You kill the jackal!
You hear some strange, mumbled words.
A puff of frost appears from out of thin air!
The puff of frost hits you!
* * * LOW HITPOINT WARNING * * *
You hear some strange, mumbled words.
A puff of frost appears from out of thin air!
The puff of frost misses you.
A magic dart appears from out of thin air!
The magic dart hits you!
You die...

..............# . ...
#.....(..#
..#####.###.#......# .
........)...#......# ..
...................#
##.............##.....#
.......#.......##.....#
...... ####..h.##....<#
..(...###o..##..@.....#
..(.(.(().####.##..)..#
..("..##### #.##..#.##
..... ##.......# ....
#........# .##
...........#
###........# ##.......#
###.##..#


You could see a jackal.

Vanquished Creatures
  2 adders (D:2)
  An ooze (D:2)
  A worm (D:2)
  2 orcs (D:3)
  7 bats
  7 goblins
  7 hobgoblins
  2 jackals (D:3)
  2 giant cockroaches
  4 giant newts
  5 kobolds
  9 rats
49 creatures vanquished.

Notes
Turn   | Place    | Note
--------------------------------------------------------------
     0 | D:1      | dohliylev the Vine Stalker Assassin began the quest for the Orb.
     0 | D:1      | Reached XP level 1. HP: 11/11 MP: 2/2
   184 | D:1      | Reached skill level 5 in Stealth
   239 | D:1      | Reached XP level 2. HP: 15/15 MP: 3/3
   570 | D:1      | Reached skill level 1 in Dodging
   726 | D:2      | Reached XP level 3. HP: 9/18 MP: 0/4
  1003 | D:2      | Reached skill level 6 in Stealth
  1347 | D:3      | Reached XP level 4. HP: 23/23 MP: 5/5
  1432 | D:3      | Noticed an ice beast
  1432 | D:3      | Noticed a giant frog
  1471 | D:3      | Killed from afar by an orc wizard

Action                   |  1- 3 |  4- 6 || total
-------------------------+-------+-------++-------
Melee: Dagger            |    74 |     8 ||    82
 Fire: Blowgun           |    12 |    27 ||    39
 Stab: Sleeping          |    14 |       ||    14
  Eat: Chunk             |     1 |     1 ||     2
